Map: Lost and Found LE

Players

Clem

  • Race: Terran Terran
  • Spawn Location: 7:00

ShoWTimE - Winner!

  • Race: Protoss Protoss
  • Spawn Location: 1:00

Event: WCS Valencia 2018

VOD

Have the link to the VOD?

Description

Time

  • Played on: July 13, 2018, 11:30 a.m.
  • Length: 13:22

All games in this series

Show
View Real Time Build Order
Export as new Build Order

Clem Terran 

Build Orders: MMM Bio 

Get SALT Encoding   

  12  0:00  SCV  
  13  0:12  SCV  
  14  0:16  Supply Depot  
  14  0:24  SCV  
  15  0:38  SCV  
  15  0:39  Barracks  
  16  0:43  Refinery  
  16  0:50  SCV  
  17  1:02  SCV  
  18  1:16  SCV  
  19  1:26  Marine  
  19  1:29  Orbital Command  
  20  1:44  Command Center  
  20  1:46  Barracks Tech Lab  
  20  1:52  Supply Depot  
  20  1:55  SCV  
  21  2:05  Concussive Shells, Marauder  
  23  2:13  SCV  
  24  2:16  Barracks  
  24  2:25  SCV  
  24  2:27  Marauder  
  27  2:37  Barracks  
  27  2:38  SCV  
  28  2:48  Marine  
  28  2:49  Stimpack  
  29  2:52  SCV  
  29  2:55  Engineering Bay  
  30  3:02  Orbital Command  
  30  3:05  Marine  
  30  3:06  Barracks Reactor  
  30  3:08  SCV  
  32  3:20  SCV  
  32  3:23  Marine  
  32  3:24  Terran Infantry Weapons Level 1  
  32  3:25  Marine  
  35  3:27  SCV  
  35  3:29  Supply Depot  
  35  3:32  SCV  
  37  3:37  Missile Turret  
  37  3:41  Supply Depot, Marine  
  37  3:43  SCV  
  37  3:44  SCV, Marine  
  37  3:46  Marine  
  43  3:50  Barracks Tech Lab  
  43  3:55  SCV  
  43  4:01  Supply Depot  
  43  4:02  Marine, Marauder  
  46  4:04  Marine  
  46  4:05  SCV  
  46  4:07  SCV  
  46  4:09  Supply Depot  
  49  4:11  Marauder  
  51  4:17  SCV  
  51  4:19  SCV, Marine  
  51  4:22  Marine  
  55  4:25  Refinery  
  55  4:27  Refinery  
  55  4:28  Combat Shields, Marine  
  57  4:31  SCV  
  57  4:32  SCV  
  57  4:36  Marine  
  57  4:37  Marine  
  60  4:42  Marine  
  60  4:43  SCV  
  60  4:44  SCV  
  63  4:51  Refinery  
  63  4:55  SCV  
  63  4:56  SCV, Marine x2  
  63  4:57  Marine  
  68  5:00  Marine  
  68  5:01  Factory  
  68  5:04  Supply Depot  
  69  5:08  SCV  
  69  5:11  SCV  
  71  5:14  Marine  
  71  5:17  Marauder  
  71  5:18  Marine  
  71  5:20  SCV, Marauder  
  78  5:26  Supply Depot  
  74  5:31  Terran Infantry Armor Level 1  
  74  5:32  Supply Depot, Marine  
  74  5:33  SCV  
  75  5:36  Marine  
  75  5:37  SCV  
  71  5:45  Factory Reactor, Starport  
  71  5:48  SCV  
  71  5:49  SCV  
  73  5:51  Marine  
  73  5:55  Barracks  
  73  5:56  Marine, Barracks, Marauder  
  77  5:59  Marauder  
  79  6:05  Supply Depot  
  79  6:08  Marine  
  80  6:13  Supply Depot  
  80  6:14  Marine  
  80  6:18  Marauder  
  83  6:25  Supply Depot  
  83  6:26  Marine, Marauder  
  83  6:27  Factory Reactor, Medivac  
  83  6:29  Medivac  
  83  6:31  Supply Depot  
  90  6:38  Marine  
  90  6:39  Marauder  
  93  6:43  Supply Depot  
  93  6:45  Barracks Reactor  
  93  6:46  Barracks Tech Lab  
  93  6:47  Marauder  
  95  6:54  Supply Depot  
  95  6:57  Medivac, Marine x2  
  95  6:59  Medivac  
  101  7:04  Marauder x2  
  101  7:06  Widow Mine  
  109  7:08  Widow Mine  
  109  7:18  Marine x2  
  109  7:21  Marauder  
  109  7:22  Marine x2  
  115  7:25  Marauder  
  115  7:28  Widow Mine  
  121  7:30  Widow Mine  
  121  7:34  Medivac x2  
  121  7:36  Marine x2  
  127  7:41  Marine x2, Marauder  
  127  7:43  Marauder  
  133  7:48  Supply Depot  
  133  7:49  Marauder  
  135  7:54  Marine x2  
  137  8:01  Widow Mine x2, Marine x2  
  137  8:03  Marauder  
  137  8:04  Supply Depot, Marauder  
  147  8:05  Supply Depot  
  147  8:08  Medivac  
  127  8:22  Widow Mine  
  113  8:28  Widow Mine  
  113  8:34  Liberator  
  113  8:35  Liberator  
  113  8:36  Marine x4  
  113  8:41  Marauder x2  
  123  8:48  Widow Mine  
  123  8:51  Marauder  
  123  8:52  Widow Mine  
  123  8:54  Marine  
  130  9:02  Marauder  
  132  9:04  Command Center  
  118  9:10  Widow Mine  
  118  9:14  Widow Mine  
  99  9:17  Marine x4  
  99  9:19  Marauder  
  105  9:27  Armory  
  105  9:28  Liberator x2  
  105  9:29  Engineering Bay  
  105  9:31  Cyclone, Marauder  
  110  9:35  Cyclone  
  110  9:37  Marine, Marauder  
  122  9:53  Marine x2  
  122  9:56  Marauder x2  
  128  10:03  Widow Mine  
  123  10:11  Liberator  
  123  10:12  Marine  
  123  10:13  Marauder  
  115  10:22  Marauder  
  115  10:23  Widow Mine, Marine x2  
  115  10:24  Marine, Marauder  
  115  10:30  Marine  
  115  10:33  Marine  
  117  10:37  Orbital Command  
  117  10:41  Terran Infantry Weapons Level 2, Marine x3  
  120  10:43  Marauder  
  120  10:49  Marine  
  121  10:50  Marauder  
  121  10:51  Medivac, Marine  
  121  10:54  Widow Mine  
  123  10:58  Widow Mine  
  123  11:01  Terran Infantry Armor Level 2  
  123  11:03  Marine  
  123  11:04  Marine x2  
  127  11:08  Marauder  
  130  11:15  Marine x3  
  127  11:28  Marine x3  
  127  11:29  Marauder  
  127  11:31  Widow Mine x2  
  127  11:32  Medivac x2  
  138  11:33  Marine  
  138  11:34  Marauder  
  138  11:38  Marauder  
  143  11:46  Marine x3  
  140  11:50  Marine  
  124  11:56  Marine  
  124  11:57  Marauder  
  124  11:58  Widow Mine x2  
  124  11:59  Marauder  
  132  12:02  Medivac  
  132  12:06  Marine x2  
  132  12:07  Marine  
  139  12:08  Marauder  
  139  12:09  SCV  
  139  12:10  SCV  
  139  12:14  SCV, Command Center, Marine  
  137  12:25  Marauder x2  
  137  12:29  Medivac  
  145  12:30  Marauder  
  145  12:35  Widow Mine  
  145  12:36  Widow Mine  
  149  12:38  Medivac  
  149  12:43  Marine  
  149  12:46  Marauder  
  149  12:48  Marine  
  147  12:57  Widow Mine x2  
Show
View Real Time Build Order
Export as new Build Order

ShoWTimE Protoss - Winner!

Build Orders: 1 Gate Expand, Colossus Rush 

Get SALT Encoding   

  12  0:00  Probe  
  13  0:12  Probe  
  14  0:17  Pylon  
  14  0:24  Probe  
  15  0:32  Probe  
  15  0:37  Gateway  
  15  0:40  Probe  
  16  0:46  Assimilator  
  17  0:51  Probe  
  18  1:03  Probe  
  19  1:15  Probe  
  20  1:24  Cybernetics Core  
  20  1:34  Nexus  
  20  1:39  Pylon  
  20  1:42  Probe  
  21  1:48  Assimilator  
  21  1:52  Adept  
  21  1:55  Probe  
  24  2:03  Warp Gate  
  24  2:07  Probe  
  25  2:09  Stalker  
  25  2:19  Probe  
  28  2:31  Probe  
  28  2:38  Stalker  
  28  2:40  Robotics Facility  
  28  2:42  Probe  
  28  2:43  Probe  
  31  2:50  Probe  
  32  2:56  Probe  
  34  3:00  Probe  
  34  3:01  Shield Battery  
  35  3:08  Probe  
  36  3:13  Probe  
  36  3:14  Pylon  
  37  3:20  Observer, Probe  
  37  3:25  Probe  
  39  3:31  Gateway  
  39  3:32  Gateway, Probe  
  41  3:35  Immortal  
  41  3:37  Probe  
  42  3:44  Probe  
  47  3:49  Probe  
  48  3:56  Probe, Pylon  
  48  4:01  Probe  
  50  4:03  Assimilator  
  50  4:05  Assimilator  
  50  4:08  Probe  
  51  4:13  Probe, Robotics Bay  
  51  4:15  Observer  
  53  4:20  Probe  
  53  4:23  Forge  
  54  4:25  Probe  
  54  4:29  Pylon  
  54  4:30  Sentry  
  57  4:32  Probe  
  57  4:34  Pylon  
  57  4:36  Immortal, Sentry  
  59  4:46  Protoss Ground Weapons Level 1  
  63  4:54  Probe  
  63  4:55  Observer  
  64  5:02  Colossus  
  64  5:14  Pylon  
  64  5:18  Nexus  
  70  5:24  Stalker  
  70  5:25  Probe  
  73  5:29  Stalker  
  73  5:30  Adept, Probe  
  78  5:37  Probe  
  72  5:43  Probe  
  72  5:45  Extended Thermal Lance  
  72  5:49  Probe  
  72  5:52  Gateway x2  
  72  5:55  Probe  
  73  5:58  Gateway  
  73  6:01  Colossus  
  73  6:02  Observer  
  73  6:07  Probe  
  73  6:09  Probe  
  81  6:12  Sentry  
  81  6:15  Twilight Council  
  83  6:19  Probe  
  83  6:20  Protoss Ground Armor Level 1, Pylon  
  83  6:22  Probe  
  85  6:28  Pylon  
  85  6:30  Probe  
  85  6:32  Sentry  
  88  6:34  Shield Battery  
  88  6:37  Pylon  
  88  6:40  Blink  
  88  6:41  Probe x2  
  89  6:50  Stalker x3  
  89  6:52  Shield Battery  
  95  6:56  Probe x2  
  95  6:57  Probe  
  98  7:02  Pylon  
  98  7:06  Zealot  
  98  7:07  Zealot  
  102  7:09  Colossus  
  102  7:10  Zealot  
  102  7:12  Probe  
  102  7:13  Probe  
  102  7:14  Probe  
  112  7:25  Stalker  
  112  7:28  Stalker  
  116  7:35  Probe x3  
  119  7:37  Pylon  
  119  7:38  Assimilator  
  119  7:42  Forge, Assimilator  
  119  7:44  Photon Cannon  
  119  7:45  Pylon  
  119  7:48  Pylon  
  119  7:50  Zealot x2  
  123  7:57  Pylon  
  126  8:08  Zealot x2  
  126  8:09  Zealot x2  
  134  8:13  Stalker x2  
  120  8:30  Robotics Facility, Zealot  
  120  8:31  Zealot x3  
  125  8:34  Protoss Ground Armor Level 2  
  121  8:41  Probe x3  
  121  8:44  Stalker x2, Protoss Ground Weapons Level 2  
  119  8:49  Probe x2  
  119  8:53  Shield Battery  
  119  8:54  Shield Battery, Probe  
  120  8:57  Probe x2  
  120  9:00  Zealot x3  
  120  9:01  Sentry  
  130  9:09  Charge  
  105  9:18  Stalker x2  
  109  9:25  Warp Prism  
  111  9:32  Nexus  
  111  9:33  Pylon  
  111  9:41  Robotics Facility  
  111  9:42  Stalker x3  
  111  9:43  Stalker  
  119  9:46  Shield Battery  
  119  9:51  Stalker x2  
  123  9:56  Photon Cannon  
  123  9:57  Probe x2  
  121  10:08  Zealot x2, Stalker  
  121  10:13  Stalker  
  121  10:21  Stalker x2  
  112  10:33  Disruptor  
  112  10:35  Stalker x2  
  112  10:37  Disruptor  
  118  10:51  Stalker  
  118  10:56  Stalker x2  
  124  11:05  Zealot x2  
  124  11:06  Zealot  
  124  11:09  Disruptor  
  133  11:12  Disruptor  
  133  11:17  Zealot  
  138  11:23  Stalker x2  
  138  11:30  Stalker x2  
  136  11:44  Disruptor  
  139  11:49  Disruptor  
  129  11:57  Zealot x3  
  129  11:58  Zealot x3  
  141  12:03  Gateway  
  141  12:04  Gateway  
  141  12:10  Photon Cannon, Probe x3  
  141  12:11  Photon Cannon  
  136  12:18  Stalker x2  
  136  12:20  Disruptor  
  137  12:24  Disruptor  
  137  12:28  Stalker x2  
  144  12:32  Dark Shrine  
  144  12:42  Stalker x3  
  134  13:11  Zealot x6  
Tags
 
Add a new tag
Caveats
  • Supply blocks, unpowered buildings, or Contaminate may cause inaccurate times.
  • Supply counts are checked every 10 seconds.